 Dungeon Crawl Stone Soup version 0.15.0-33-gdde9071 (console) character file.

3672 gw the Basher (level 9, -2/82 HPs)
             Began as a Deep Dwarf Gladiator on Sept 14, 2014.
             Was a High Priest of Makhleb.
             Succumbed to a manticore's barbed spikes
             ... on Level 9 of the Dungeon.
             The game lasted 00:07:41 (7920 turns).

gw the Basher (Deep Dwarf Gladiator)                Turns: 7920, Time: 00:07:42

HP  -2/82        AC 18     Str 20      XL: 9   Next: 89%
MP  12/12        EV  6     Int  8      God: Makhleb [*****.]
Gold 0           SH  0     Dex 16      Spells:  0 memorised,  8 levels left

rFire  . . .     SeeInvis .     a - +0 dire flail
rCold  + . .     Clarity  .     u - +0 plate armour
rNeg   . . .     rCorr    .     (no shield)
rPois  +         rRot     .     c - +1 helmet
rElec  .         Spirit   .     y - +2 cloak {rPois}
SustAb .         Warding  .     (no gloves)
rMut   .         Stasis   .     (no boots)
Gourm  .                        o - amulet of faith
MR     +....                    (no ring)
                                (no ring)

@: manticore barbs, non-regenerating, somewhat resistant to hostile
enchantments, extremely unstealthy
A: damage resistance, recharge devices, cold resistance 1, sense surroundings 2,
slow healing 3
a: Device Recharging, Minor Destruction, Lesser Servant of Makhleb, Major
Destruction, Greater Servant of Makhleb, Renounce Religion


You were on level 9 of the Dungeon.
You worshipped Makhleb.
Makhleb was extremely pleased with you.
You were not hungry.

You visited 1 branch of the dungeon, and saw 9 of its levels.

Inventory:

Hand weapons
 a - a +0 dire flail (weapon)
Missiles
 d - 5 throwing nets
 k - 24 bolts
Armour
 c - a +1 helmet (worn)
 u - a +0 plate armour (worn)
 y - a +2 cloak of poison resistance (worn)
Magical devices
 e - a wand of heal wounds (2)
 q - a wand of teleportation (3)
Comestibles
 f - 5 bread rations
 h - 3 slices of pizza
 l - 2 beef jerkies
 p - 2 meat rations
 r - 2 royal jellies
Scrolls
 b - 2 scrolls of remove curse
 g - 2 scrolls of amnesia
 i - 10 scrolls of identify
 s - a scroll of blinking
 t - 2 scrolls of teleportation
Jewellery
 o - an amulet of faith (around neck)
Potions
 j - a potion of brilliance
 m - a potion of mutation
 n - a potion of restore abilities
 v - 2 potions of curing


   Skills:
 + Level 6.0 Fighting
 * Level 9.7 Maces & Flails
 - Level 1.7 Throwing
 + Level 7.2 Armour
 - Level 3.2 Dodging
 + Level 7.4 Invocations


You had 8 spell levels left.
You didn't know any spells.

Dungeon Overview and Level Annotations

Branches:
Dungeon (9/15)             Temple (0/1) D:5
    Orc: D:9-12        Lair: D:8-11

Altars:
Kikubaaqudgha
Makhleb
Nemelex Xobeh
Qazlal
Sif Muna
Vehumet
Xom
The Shining One


Innate Abilities, Weirdness & Mutations

You are resistant to damage.
You can recharge devices by infusing magical energy.
You passively map the area around you.
You do not heal naturally.
Your flesh is cold resistant.


Message History

Search for what [Enter for "glowing drain || sand-covered staircase || flagged portal || frozen archway || dark tunnel || magical portal", or ? for help]? glowing drain || sand-covered staircase || flagged portal || frozen archway || dark tunnel || magical portal Can't find anything matching that.
The barbed spikes dig painfully into your body as you move.
Unknown command.
Search for what [Enter for "glowing drain || sand-covered staircase || flagged portal || frozen archway || dark tunnel || magical portal", or ? for help]? glowing drain || sand-covered staircase || flagged portal || frozen archway || dark tunnel || magical portal Can't find anything matching that.
Search for what [Enter for "glowing drain || sand-covered staircase || flagged portal || frozen archway || dark tunnel || magical portal", or ? for help]? glowing drain || sand-covered staircase || flagged portal || frozen archway || dark tunnel || magical portal Can't find anything matching that.
Quiver which item? (- for none, * to show all) (? for menu, Esc to quit)
Reset throwing quiver to default.
Quiver which item? (- for none, * to show all) (? for menu, Esc to quit)
Reset throwing quiver to default.
The barbed spikes dig painfully into your body as you move.
Unknown command.
Search for what [Enter for "glowing drain || sand-covered staircase || flagged portal || frozen archway || dark tunnel || magical portal", or ? for help]? glowing drain || sand-covered staircase || flagged portal || frozen archway || dark tunnel || magical portal Can't find anything matching that.
Search for what [Enter for "glowing drain || sand-covered staircase || flagged portal || frozen archway || dark tunnel || magical portal", or ? for help]? glowing drain || sand-covered staircase || flagged portal || frozen archway || dark tunnel || magical portal Can't find anything matching that.
The barbed spikes dig painfully into your body as you move.
You die...

, ,, , ,
##........##..... ,,
##..........##.... , , ,
##............##... ,,
##..............##.. , ,
##................##. *
,, #..................#.
, ,
,#..................#. ,
#.....1.$..........#. ,
, +...g....~~........'.
*,
,+........~~........'. *
,#........)$........#. *
#..................#. ,
, ,
#..................#.
,,,##................##>
, , ##..............##..
>##............## .. , ,
, ##..........##, .


You could see a friendly Executioner.

Table legend:
 A = Turns spent in this place as a percentage of turns spent in the entire game.
 B = Non-inter-level travel turns spent in this place as a percentage of non-inter-level travel turns spent in the entire game.
 C = Inter-level travel turns spent in this place as a percentage of turns spent in this place.
 D = Turns resting spent in this place as a percentage of non-inter-level travel turns spent in this place.
 E = Turns spent auto-exploring this place as a percentage of non-inter-level travel turns spent in this place.
 F = Non-inter-level travel turns spent in this place divided by the number of levels of this place that you've seen.
                   A       B       C       D       E      F
               +-------+-------+-------+-------+-------+----------------------
         Total | 100.0 | 100.0 |   1.1 |   0.3 |  10.6 | 451.8
       Dungeon | 100.0 | 100.0 |   1.1 |   0.3 |  10.6 | 451.8
               +-------+-------+-------+-------+-------+----------------------

Table legend:
 A = Kills in this place as a percentage of kills in entire the game.
 B = Kills by you in this place as a percentage of kills by you in the entire game.
 C = Kills by friends in this place as a percentage of kills by friends in the entire game.
 D = Other kills in this place as a percentage of other kills in the entire game.
 E = Experience gained in this place as a percentage of experience gained in the entire game.
 F = Experience gained in this place divided by the number of levels of this place that you have seen.
                   A       B       C       D       E      F
               +-------+-------+-------+-------+-------+----------------------
         Total | 100.0 | 100.0 | 100.0 | 100.0 | 100.0 | 583.0
       Dungeon | 100.0 | 100.0 | 100.0 | 100.0 | 100.0 | 583.0
               +-------+-------+-------+-------+-------+----------------------

Vanquished Creatures
  A manticore (D:9)
  A troll (D:9)
  2 hippogriffs
  Menkaure (D:5)
  2 sky beasts (D:5)
  A phantom (D:8)
  2 orc warriors
  A yellow wasp (D:5)
  2 centaurs
  An ice beast (D:6)
  4 big kobolds
  Sigmund (D:2)
  5 giant frogs
  2 scorpions
  A jelly (D:7)
  A goliath beetle (D:6)
  An orc priest (D:6)
  4 hounds
  7 orc wizards
  2 iguanas
  Natasha (twice) (D:3)
  10 worker ants
  Ijyb (D:3)
  Jessica (D:2)
  Terence (D:3)
  A worker ant zombie (D:8)
  11 gnolls (D:3)
  10 adders
  A worm (D:2)
  2 shadow imps
  An adder zombie (D:6)
  8 giant geckos
  An ooze (D:3)
  18 orcs
  9 bats
  A bat skeleton (D:6)
  A bat zombie (D:5)
  2 giant cockroaches
  40 hobgoblins
  3 jackals (D:3)
  32 kobolds
  8 quokkas
  A ball python skeleton (D:4)
  6 giant newts
  32 goblins
  A hobgoblin skeleton (D:5)
  14 rats
  A rat zombie (D:5)
261 creatures vanquished.

Vanquished Creatures (collateral kills)
  An orange demon (D:4)
  An orc wizard (D:4)
  An iguana (D:5)
  An orc priest (D:4)
  2 orcs (D:4)
6 creatures vanquished.

Vanquished Creatures (others)
  An orc wizard (D:6)
  An ufetubus (D:4)
2 creatures vanquished.

Grand Total: 269 creatures vanquished

Notes
Turn   | Place    | Note
--------------------------------------------------------------
     0 | D:1      | gw, the Deep Dwarf Gladiator, began the quest for the Orb.
     0 | D:1      | Reached XP level 1. HP: 19/19 MP: 1/1
   294 | D:1      | Reached XP level 2. HP: 21/26 MP: 2/2
   370 | D:1      | Reached skill level 1 in Armour
   641 | D:2      | Noticed Jessica
   682 | D:2      | Killed Jessica
   682 | D:2      | Reached XP level 3. HP: 18/33 MP: 3/3
   932 | D:2      | Noticed Sigmund
   972 | D:2      | Reached skill level 4 in Maces & Flails
   972 | D:2      | Reached XP level 4. HP: 18/40 MP: 4/4
  1064 | D:2      | Killed Sigmund
  1064 | D:2      | Reached XP level 5. HP: 16/48 MP: 3/3
  1728 | D:3      | Reached skill level 5 in Maces & Flails
  2024 | D:3      | Reached XP level 6. HP: 21/56 MP: 4/4
  2527 | D:3      | Noticed Terence
  2536 | D:3      | Killed Terence
  2562 | D:3      | Noticed Natasha
  2620 | D:3      | Found a burning altar of Makhleb.
  2624 | D:3      | Became a worshipper of Makhleb the Destroyer
  2768 | D:3      | Killed Natasha
  2768 | D:3      | Reached skill level 1 in Invocations
  2769 | D:3      | Noticed Natasha
  2786 | D:3      | Killed Natasha
  2911 | D:3      | Acquired Makhleb's first power
  2972 | D:3      | Reached XP level 7. HP: 25/62 MP: 5/5
  2992 | D:3      | Reached skill level 6 in Maces & Flails
  3076 | D:3      | Noticed Ijyb
  3106 | D:3      | Killed Ijyb
  3167 | D:3      | Acquired Makhleb's second power
  3596 | D:4      | Found a deep blue altar of Sif Muna.
  3666 | D:4      | Acquired Makhleb's third power
  3760 | D:4      | Noticed an orange demon
  3803 | D:4      | Killed an orange demon
  4294 | D:4      | Found a stormy altar of Qazlal.
  4354 | D:4      | Found a shimmering altar of Xom.
  4570 | D:5      | Entered Level 5 of the Dungeon
  4590 | D:5      | Reached XP level 8. HP: 40/72 MP: 6/8
  4593 | D:5      | Paralysed by a yellow wasp for 2 turns
  4663 | D:5      | Found a staircase to the Ecumenical Temple.
  4911 | D:5      | Reached skill level 7 in Maces & Flails
  4911 | D:5      | Reached skill level 5 in Armour
  4919 | D:5      | Got a ruby-encrusted ring mail
  4930 | D:5      | Identified the cursed -2 ring mail "Zilusepn" {Str+2 Dex+3} (You found it on level 5 of the Dungeon)
  5078 | D:5      | Acquired Makhleb's fourth power
  5477 | D:5      | Noticed Menkaure
  5484 | D:5      | Killed Menkaure
  5560 | D:5      | Found an ancient bone altar of Kikubaaqudgha.
  5670 | D:6      | Reached skill level 5 in Invocations
  5803 | D:6      | Reached skill level 8 in Maces & Flails
  5922 | D:6      | Reached skill level 5 in Fighting
  5967 | D:6      | Found a glowing golden altar of the Shining One.
  5995 | D:6      | Acquired Makhleb's fifth power
  6050 | D:6      | Gained mutation: You passively map the area around you. [level up]
  6050 | D:6      | Reached XP level 9. HP: 38/81 MP: 10/10
  6265 | D:6      | Gained mutation: Your vision is a little blurry. [potion of mutation]
  6265 | D:6      | Lost mutation: Your vision is a little blurry. [potion of mutation]
  6265 | D:6      | Gained mutation: Your flesh is cold resistant. [potion of mutation]
  7030 | D:8      | Found a radiant altar of Vehumet.
  7209 | D:8      | Reached skill level 9 in Maces & Flails
  7771 | D:9      | Found a sparkling altar of Nemelex Xobeh.
  7868 | D:9      | Noticed a manticore
  7885 | D:9      | HP: 4/82 [manticore (1)]
  7894 | D:9      | Killed a manticore
  7919 | D:9      | HP: 4/82 [barbs]
  7920 | D:9      | Succumbed to a manticore's barbed spikes

Action                   |  1- 3 |  4- 6 |  7- 9 || total
-------------------------+-------+-------+-------++-------
Melee: Flail             |    93 |   287 |       ||   380
       Morningstar       |       |    25 |   423 ||   448
       Dire flail        |       |       |   101 ||   101
Invok: Minor Destruction |       |       |   149 ||   149
       Lesser Servant of |       |       |     5 ||     5
       Greater Servant o |       |       |     1 ||     1
 Abil: Device Recharging |       |     4 |     4 ||     8
Evoke: Wand              |     1 |    16 |    20 ||    37
  Use: Scroll            |     3 |     4 |    13 ||    20
       Potion            |     1 |     2 |    11 ||    14
 Stab: Invisible         |       |       |     3 ||     3
       Distracted        |       |       |     2 ||     2
  Eat: Chunk             |       |     8 |    22 ||    30

Vault maps used:
D:1:      saegor_arrival_simple_a
D:2:      uniq_sigmund, uniq_jessica
D:3:      minmay_goblin_kobold_castle, makhleb_heckhound_becter, first_bread,
          uniq_iyjb, uniq_natasha, uniq_terence
D:4:      led_sif_book, kennysheep_mini, nicolae_qazlal_eye_of_the_storm,
          corexii_checkpoint_a
D:5:      lemuel_zombie_altar_kikubaaqudgha, temple_statues,
          minmay_misc_feat_roman, st_stairs_4, uniq_menkaure
D:6:      kennysheep_little_box
D:7:      kennysheep_generic_room_3
D:8:      overflow_temple_1_default
D:9:      kennysheep_big_flooded_room, overflow_temple_1_default,
          lemuel_coloured_pillars_altar
